Map: White Rabbit LE

Players

Krystianer

  • Race: Protoss Protoss
  • League: Grandmaster
  • Spawn Location: 1:00

Harstem - Winner!

  • Race: Protoss Protoss
  • League: Grandmaster
  • Spawn Location: 7:00

VOD

Have the link to the VOD?

Description

Time

  • Played on: Jan. 31, 2026, 7:36 a.m.
  • Length: 14:54
Show
View Real Time Build Order
Export as new Build Order

Krystianer Protoss 

Build Orders:  

Get SALT Encoding   

  12  0:00  Probe  
  13  0:12  Probe  
  14  0:17  Pylon  
  14  0:22  Probe  
  15  0:31  Probe  
  16  0:36  Gateway  
  16  0:39  Probe  
  16  0:45  Assimilator  
  17  0:51  Probe  
  17  0:53  Assimilator  
  18  0:59  Probe  
  19  1:06  Gateway  
  19  1:07  Probe  
  19  1:17  Probe  
  20  1:23  Cybernetics Core  
  21  1:29  Probe  
  21  1:32  Pylon  
  22  1:41  Probe  
  23  1:53  Probe  
  24  1:57  Stalker x2  
  24  2:00  Warp Gate  
  28  2:09  Pylon  
  28  2:11  Probe  
  29  2:24  Stalker x2  
  33  2:39  Robotics Facility  
  33  2:54  Sentry  
  33  2:55  Shield Battery  
  37  3:17  Immortal  
  36  3:22  Pylon  
  36  3:23  Gateway  
  34  3:34  Pylon  
  37  3:51  Warp Prism  
  37  4:01  Stalker x2  
  41  4:20  Sentry  
  41  4:23  Immortal  
  43  4:29  Adept  
  49  4:32  Adept  
  49  5:01  Immortal  
  53  5:07  Pylon  
  53  5:20  Nexus  
  53  5:28  Probe  
  54  5:34  Sentry, Stalker  
  58  5:44  Probe  
  58  5:47  Pylon  
  58  5:48  Sentry  
  61  5:59  Stalker  
  63  6:06  Stalker  
  63  6:10  Probe  
  64  6:20  Twilight Council  
  64  6:22  Probe  
  65  6:34  Probe  
  67  6:43  Sentry  
  67  6:44  Sentry  
  67  6:46  Probe  
  72  6:47  Stalker  
  72  6:49  Phoenix  
  72  6:50  Probe  
  72  6:53  Gateway  
  74  6:54  Probe  
  74  6:58  Probe  
  74  7:02  Blink, Probe  
  74  7:06  Probe  
  72  7:13  Probe  
  74  7:18  Probe  
  74  7:21  Pylon  
  75  7:25  Probe  
  75  7:26  Probe  
  76  7:34  Probe  
  77  7:37  Probe  
  79  7:46  Probe  
  79  7:49  Probe  
  79  7:50  Nexus  
  79  7:51  Pylon  
  81  7:56  Sentry, Stalker  
  85  7:59  Probe  
  86  8:11  Assimilator  
  86  8:12  Forge  
  86  8:13  Assimilator  
  86  8:14  Probe  
  86  8:19  Probe  
  88  8:27  Shield Battery  
  88  8:29  Stalker x3  
  88  8:30  Protoss Ground Weapons Level 1  
  94  8:37  Stalker  
  96  8:52  Nexus  
  96  8:59  Shield Battery x2, Probe  
  97  9:03  Stalker x2  
  101  9:13  Pylon  
  101  9:14  Pylon  
  101  9:16  Pylon  
  94  9:33  Stalker x2  
  94  9:34  Stalker x2  
  94  9:37  Probe x2  
  98  9:49  Probe x2  
  94  10:00  Stalker x4  
  94  10:01  Probe  
  94  10:05  Probe  
  104  10:15  Probe  
  104  10:20  Gateway  
  105  10:23  Gateway  
  105  10:25  Probe x2  
  105  10:27  Probe  
  106  10:38  Protoss Ground Weapons Level 2, Probe  
  106  10:39  Probe  
  106  10:40  Probe  
  105  10:50  Probe  
  105  10:53  Stalker x4  
  105  10:55  Probe  
  109  10:59  Pylon  
  109  11:17  Stalker  
  109  11:18  Stalker x5  
  109  11:26  Probe  
  93  11:41  Stalker x5  
  103  11:49  Stalker  
  101  12:08  Nexus  
  101  12:22  Stalker x4  
  99  12:28  Stalker  
  103  12:32  Zealot  
Show
View Real Time Build Order
Export as new Build Order

Harstem Protoss - Winner!

Build Orders: Phoenix Opening, Archon Immortal 

Get SALT Encoding   

  12  0:00  Probe  
  13  0:12  Probe  
  14  0:17  Pylon  
  14  0:24  Probe  
  15  0:32  Probe  
  15  0:36  Gateway  
  15  0:40  Probe  
  16  0:45  Assimilator  
  17  0:51  Probe  
  17  0:54  Assimilator  
  18  0:59  Probe  
  19  1:07  Probe  
  19  1:08  Gateway  
  20  1:17  Probe  
  20  1:23  Cybernetics Core  
  21  1:29  Probe  
  22  1:33  Pylon  
  22  1:41  Probe  
  23  1:53  Probe  
  24  1:58  Stalker  
  24  1:59  Robotics Facility  
  24  2:00  Warp Gate  
  24  2:07  Stalker  
  28  2:16  Pylon  
  28  2:26  Stalker  
  30  2:34  Stalker  
  30  2:36  Probe  
  30  2:39  Immortal  
  36  2:58  Pylon  
  36  3:07  Sentry  
  36  3:10  Warp Prism  
  38  3:13  Pylon  
  40  3:40  Pylon  
  40  3:48  Sentry  
  40  3:49  Stalker  
  40  3:54  Pylon  
  40  3:55  Phoenix  
  45  4:04  Pylon  
  44  4:10  Probe  
  44  4:12  Immortal  
  49  4:31  Nexus  
  49  4:35  Phoenix  
  49  4:36  Probe  
  50  4:42  Sentry  
  52  4:48  Probe  
  53  4:58  Stargate  
  53  5:06  Probe  
  54  5:10  Pylon  
  54  5:18  Probe  
  55  5:30  Probe  
  56  5:39  Twilight Council  
  56  5:41  Probe  
  56  5:42  Probe  
  56  5:44  Phoenix  
  56  5:48  Phoenix  
  56  5:49  Probe  
  60  5:55  Probe  
  62  5:58  Shield Battery  
  62  5:59  Probe  
  63  6:07  Probe  
  63  6:09  Stalker  
  63  6:10  Zealot  
  68  6:11  Probe  
  68  6:12  Phoenix, Gateway  
  68  6:14  Charge  
  69  6:20  Robotics Facility  
  69  6:21  Probe  
  69  6:23  Probe  
  71  6:35  Zealot x2  
  71  6:37  Pylon  
  76  6:41  Assimilator  
  76  6:45  Gateway  
  77  6:50  Phoenix  
  77  6:53  Gateway  
  77  6:57  Shield Battery x2  
  77  6:58  Shield Battery  
  77  6:59  Adept  
  77  7:06  Shield Battery  
  77  7:09  Probe x2  
  77  7:11  Assimilator, Immortal  
  77  7:20  Templar Archives  
  77  7:21  Probe  
  82  7:23  Probe  
  82  7:25  Phoenix  
  82  7:27  Assimilator  
  83  7:33  Probe  
  84  7:44  Observer, Pylon  
  84  7:47  Gateway  
  84  7:50  Nexus  
  85  7:55  Probe  
  86  8:00  Pylon  
  86  8:03  High Templar x2  
  86  8:04  Zealot  
  92  8:07  Archon  
  92  8:09  Gateway  
  92  8:20  Zealot x2  
  96  8:27  Gateway  
  96  8:28  Zealot  
  98  8:34  Pylon  
  98  8:38  Pylon  
  98  8:41  Archon  
  98  8:43  High Templar x2  
  98  8:46  Pylon  
  98  8:47  Archon  
  102  8:58  Probe  
  102  9:02  High Templar x2  
  105  9:03  Zealot x2, Observer  
  105  9:05  Probe  
  113  9:12  Probe  
  113  9:15  Forge  
  114  9:21  Gateway  
  112  9:30  Zealot x5, Immortal  
  120  9:36  Probe  
  120  9:38  Probe, Archon  
  122  9:42  Protoss Ground Weapons Level 1  
  120  9:53  Zealot x3  
  120  9:59  High Templar x2  
  128  10:03  Shield Battery  
  128  10:04  Archon  
  128  10:09  Photon Cannon  
  128  10:10  Warp Prism  
  128  10:19  Photon Cannon, Blink  
  130  10:23  High Templar x2  
  134  10:28  Archon  
  134  10:30  Zealot x3  
  124  10:50  Zealot x4  
  128  10:59  Zealot x5  
  136  11:05  Pylon  
  136  11:10  Pylon  
  136  11:14  Photon Cannon  
  136  11:21  High Templar  
  136  11:22  High Templar  
  140  11:26  Zealot x4, Archon  
  146  11:35  Immortal  
  146  11:39  Protoss Ground Weapons Level 2  
  142  11:52  Zealot x2  
  142  11:53  Zealot x4  
  154  11:58  Pylon  
  154  12:01  Immortal  
  154  12:09  Photon Cannon  
  148  12:33  Immortal  
  148  12:35  Probe  
  135  12:41  Robotics Facility  
  134  12:44  Probe  
Tags
 
Add a new tag
Caveats
  • Supply blocks, unpowered buildings, or Contaminate may cause inaccurate times.
  • Supply counts are checked every 10 seconds.